 Dungeon Crawl Stone Soup version 0.21.1-1-g345015fe64 (webtiles) character file.

28 Loge the Ruffian (level 3, -2/28 HPs)
             Began as a Draconian Transmuter on July 16, 2018.
             Slain by a worm (5 damage)
             ... on level 1 of the Dungeon.
             The game lasted 00:04:26 (1251 turns).

Loge the Ruffian (Draconian Transmuter)             Turns: 1251, Time: 00:04:27

Health: -2/28      AC:  5    Str: 12    XL:     3   Next: 0%
Magic:  5/6        EV: 12    Int: 14    God:
Gold:   66         SH:  0    Dex: 11    Spells: 3/6 levels left

rFire    . . .     SeeInvis .     - Unarmed
rCold    . . .     Gourm    .   (no shield)
rNeg     . . .     Faith    .   (armour unavailable)
rPois    .         Spirit   .   (helmet restricted)
rElec    .         Reflect  .   (no cloak)
rCorr    .         Harm     .   (no gloves)
MR       .....                  (no boots)
Stlth    +.........             (no amulet)
HPRegen  0.09/turn              (no ring)
MPRegen  0.10/turn              (no ring)

@: appendage
A: unfitting armour, horns 2, cold-blooded, AC +5
a: End Transformation


You were on level 1 of the Dungeon.
You were hungry.
You had grown temporary horns.
You visited 1 branch of the dungeon, and saw 2 of its levels.

You collected 66 gold pieces.

Inventory:

Missiles
 a - 12 arrows
 e - 24 stones (quivered)
 g - 16 poisoned needles
 h - 57 sling bullets
Scrolls
 d - 2 scrolls of identify {unknown}
 i - a scroll of teleportation {unknown}
 k - a scroll of fear {unknown}
 l - a scroll of magic mapping {unknown}
 m - a scroll of remove curse {unknown}
Potions
 j - a potion of might {unknown}
Books
 b - a book of Changes

   Spells                             Type                      Level
   a - Beastly Appendage              Transmutation                1
   b - Sticks to Snakes               Transmutation                2
   c - Spider Form                    Transmutation/Poison         3
   d - Ice Form                       Ice/Transmutation            4
   e - Blade Hands                    Transmutation                5
Comestibles
 c - 3 rations


   Skills:
 - Level 1.1 Fighting
 - Level 1.7 Dodging
 + Level 3.3 Unarmed Combat
 + Level 2.3 Spellcasting
 * Level 2.9 Transmutations


You had 3 spell levels left.
You knew the following spells:

 Your Spells              Type           Power        Failure   Level  Hunger
a - Beastly Appendage     Tmut           #.....       7%          1    #......
b - Sticks to Snakes      Tmut           #.......     11%         2    ###....


Dungeon Overview and Level Annotations

Branches:
Dungeon (2/15)

Altars:

Annotations:
D:1 exclusion: downstairs


Innate Abilities, Weirdness & Mutations

Your plain brown scales are hard. (AC +5)
You cannot fit into any form of body armour.
You are cold-blooded and may be slowed by cold attacks.
You have a pair of horns on your head.


Message History

Throwing (i - inventory):
e - 26 stones (quivered)
Press: ? - help, Shift-Dir - straight line, f/p - worm
Aim: a worm (heavily wounded)
You throw a stone. The stone hits the worm.
The worm is heavily wounded.
Throwing (i - inventory):
e - 25 stones (quivered)
Press: ? - help, Shift-Dir - straight line, f/p - worm
Aim: a worm (heavily wounded)
You throw a stone. The stone barely misses the worm.
Casting: Beastly Appendage
Confirm with . or Enter, or press ? or * to list all spells.
You grow a pair of large bovine horns.
You hit the worm.
The worm is heavily wounded.
The worm bites you.
* * * LOW HITPOINT WARNING * * *
You hit the worm.
The worm is almost dead.
The worm bites you.
You die...

#####.###.###.# ##≈§.......≈§.
##.##.##.## ##≈≈≈≈8≈≈≈§..
##.#.#.## ##########≈≈≈..§..
##...## #............#####
#########.## ##.#########..#
..........# ##.#.########..#
########..####.###.......>..#
########........#.#########.#####
..)......(..((.w@........##......
########################.########
#.######## #......... ##########


You could see a worm.

Vanquished Creatures
  A dart slug (D:2)
  2 leopard geckos (D:1)
  2 bats (D:1)
  2 giant cockroaches
  A goblin (D:1)
  A hobgoblin (D:2)
  4 jackals (D:1)
  A frilled lizard (D:1)
  5 kobolds
  5 rats (D:1)
24 creatures vanquished.

Notes
Turn   | Place    | Note
-------+----------+-------------------------------------------
     0 | D:1      | Loge the Draconian Transmuter began the quest for the Orb.
     0 | D:1      | Reached XP level 1. HP: 16/16 MP: 3/3
   287 | D:1      | Reached XP level 2. HP: 23/23 MP: 3/5
   309 | D:1      | Learned a level 2 spell: Sticks to Snakes
  1144 | D:2      | Reached XP level 3. HP: 24/28 MP: 4/6
  1251 | D:1      | Slain by a worm

Action                   || total
-------------------------++-------
Melee: Unarmed           ||    82
       Headbutt          ||     6
       Tailslap          ||     6
       Kick              ||     5
Throw: Stone             ||     4
 Cast: Beastly Appendage ||    29
  Eat: Chunk             ||     1
Armor: Skin              ||    21
Dodge: Dodged            ||    58
